 Dungeon Sprint DCSS version 0.28-a0-1518-gbe868bca14 (webtiles) character file.

Game seed: 11111098936650965297

1234 mhtbhm the Impaler (level 8, -4/114 HPs)
             Began as a Merfolk Berserker on Jan 16, 2022.
             Was a High Priest of Trog.
             Slain by a white ugly thing (17 damage)
             ... in the Dungeon (Sprint IX: "|||||||||||||||||||||||||||||").
             The game lasted 00:00:54 (525 turns).

mhtbhm the Impaler (Merfolk Berserker)               Turns: 525, Time: 00:00:56

Health: -4/114     AC:  4    Str: 22    XL:     8   Next: 48%
Magic:  8/8        EV: 18    Int:  7    God:    Trog [*****.]
Gold:   0          SH:  0    Dex: 13    Spells: 7/7 levels left

rFire   . . .      SeeInvis .   a - +2 halberd (venom)
rCold   . . .      Faith    .   (shield currently unavailable)
rNeg    . . .      Spirit   .   b - +0 animal skin
rPois   .          Reflect  .   k - +0 helmet
rElec   .          Harm     .   (no cloak)
rCorr   .          Rampage  .   l - +0 pair of gloves
Will    .....      NoTele   +   (no boots)
Stlth   ..........              (no amulet)
HPRegen 0.29/turn               m - +3 ring of strength
MPRegen 0.11/turn               n - +2 ring of evasion

@: berserking, very quick
A: (nimble swimmer 2), mertail
a: Renounce Religion, Berserk, Trog's Hand, Brothers in Arms


You were in the Dungeon.
You worshipped Trog.
Trog was extremely pleased with you.
You visited 1 branch

Inventory:

Hand Weapons
 a - a +2 halberd of venom (weapon)
Armour
 b - a +0 animal skin (worn)
 k - a +0 helmet (worn)
 l - a +0 pair of gloves (worn)
Jewellery
 m - a +3 ring of strength (left hand)
 n - a +2 ring of evasion (right hand)
Wands
 j - a wand of acid (10)
Scrolls
 h - 2 scrolls of blinking
Potions
 c - 5 potions of curing
 d - 3 potions of heal wounds
 e - a potion of haste
 f - 4 potions of magic
 g - a potion of berserk rage
 i - a potion of invisibility


   Skills:
 + Level 11.7 Fighting
 + Level 17.5 Polearms
 + Level 4.0 Armour
 + Level 9.7 Dodging


You had 7 spell levels left.
You didn't know any spells.
Your spell library was empty.

Dungeon Overview and Level Annotations

Branches:
Dungeon (1/1)

Altars:
Cheibriados
Dithmenos
Elyvilon
Fedhas
Gozag
Hepliaklqana
Kikubaaqudgha
Makhleb
Nemelex Xobeh
Okawaru
Qazlal
Ru
Sif Muna
Trog
Uskayaw
Vehumet
Wu Jian
Xom
Yredelemnul
Zin
The Shining One
Beogh
Jiyva
Lugonu


Innate Abilities, Weirdness & Mutations

((You are very nimble when in or above water. (Stealth+, EV+, Speed+++)))
Your lower body shifts to a powerful aquatic tail in water.


Message History

Your Polearms skill increases to level 17!
Your Armour skill increases to level 4!
You reach to attack!
You closely miss the white ugly thing.
You reach to attack!
You closely miss the white ugly thing.
You reach to attack!
You barely miss the white ugly thing.
You reach to attack!
You closely miss the white ugly thing.
You completely miss the white ugly thing.
The white ugly thing bites you! The white ugly thing freezes you!
You are too injured to fight recklessly!
You are too injured to fight recklessly!
You are too injured to fight recklessly!
You are too injured to fight recklessly!
You are too injured to fight recklessly!
You are too injured to fight recklessly!
You are too injured to fight recklessly!
You are too injured to fight recklessly!
You are too injured to fight recklessly!
You are too injured to fight recklessly!
You are too injured to fight recklessly!
You are too injured to fight recklessly!
You are too injured to fight recklessly!
You are too injured to fight recklessly!
You slice the white ugly thing!!
The white ugly thing is moderately wounded.
You hit the white ugly thing but do no damage.
The white ugly thing is poisoned.
The white ugly thing is moderately wounded.
The white ugly thing bites you. The white ugly thing freezes you!!
* * * LOW HITPOINT WARNING * * *
You puncture the white ugly thing!
The white ugly thing looks as sick as possible!
The white ugly thing is heavily wounded.
The howler monkey hoots and howls with incredible vigour!
You slash the white ugly thing!
The white ugly thing looks as sick as possible!
The white ugly thing is severely wounded.
The white ugly thing bites you.
* * * LOW HITPOINT WARNING * * *
The white ugly thing freezes you!
You die... ▓▓▓▓▓▓▓▓▓▓▓▓▓▓▓▓▓▓▓▓▓▓▓▓ ....yhu@....)†..[...)?.' ▓▓▓▓▓▓▓▓▓▓▓▓▓▓▓▓▓▓▓▓▓▓▓▓

You could see a white ugly thing (extremely poisoned), a vampire mosquito and a howler monkey (catching breath).

Vanquished Creatures
  A komodo dragon (D)
  2 trolls (D)
  A shadow (D)
  A yak (D)
  A water moccasin (D)
  A gnoll sergeant (D)
  A howler monkey (D)
  An orc wizard (D)
  An ufetubus (D)
  2 adder zombies (D)
  A ball python (D)
  A giant cockroach (D)
  2 goblins (D)
  A bat (D)
  2 quokka zombies (D)
19 creatures vanquished.

Notes
Turn   | Place    | Note
-------+----------+-------------------------------------------
     0 | D        | mhtbhm the Merfolk Berserker began the quest for the Orb.
     0 | D        | Reached XP level 1. HP: 18/18 MP: 1/1
    10 | D        | Reached skill level 5 in Polearms
    15 | D        | Reached ** piety under Trog
   144 | D        | Noticed an orc wizard
   144 | D        | Noticed a water moccasin
   153 | D        | Killed a water moccasin
   154 | D        | Reached skill level 9 in Polearms
   154 | D        | Reached XP level 2. HP: 12/29 MP: 2/2
   154 | D        | Reached XP level 3. HP: 14/35 MP: 3/3
   154 | D        | Reached XP level 4. HP: 17/41 MP: 4/4
   154 | D        | Reached *** piety under Trog
   165 | D        | HP: 2/41 [something (3)]
   167 | D        | Reached skill level 10 in Polearms
   167 | D        | Reached skill level 5 in Dodging
   167 | D        | Reached XP level 5. HP: 4/48 MP: 5/5
   262 | D        | Found a snail-covered altar of Cheibriados.
   262 | D        | Found a shadowy altar of Dithmenos.
   262 | D        | Found a white marble altar of Elyvilon.
   262 | D        | Found a blossoming altar of Fedhas.
   262 | D        | Found an opulent altar of Gozag.
   263 | D        | Found a hazy altar of Hepliaklqana.
   264 | D        | Found a viscous altar of Jiyva.
   265 | D        | Found an ancient bone altar of Kikubaaqudgha.
   266 | D        | Found a corrupted altar of Lugonu.
   267 | D        | Found a burning altar of Makhleb.
   268 | D        | Found a sparkling altar of Nemelex Xobeh.
   269 | D        | Found an iron altar of Okawaru.
   270 | D        | Found a stormy altar of Qazlal.
   271 | D        | Found a sacrificial altar of Ru.
   272 | D        | Found a shimmering blue altar of Sif Muna.
   273 | D        | Found a bloodstained altar of Trog.
   274 | D        | Found a hide-covered altar of Uskayaw.
   275 | D        | Found a radiant altar of Vehumet.
   276 | D        | Found an ornate altar of the Wu Jian Council.
   277 | D        | Found a shimmering altar of Xom.
   278 | D        | Found a basalt altar of Yredelemnul.
   279 | D        | Found a glowing silver altar of Zin.
   280 | D        | Found a glowing golden altar of the Shining One.
   396 | D        | Noticed a shadow
   396 | D        | Noticed a yak
   400 | D        | Killed a yak
   400 | D        | Reached **** piety under Trog
   401 | D        | Reached skill level 12 in Polearms
   401 | D        | Reached XP level 6. HP: 57/57 MP: 6/6
   406 | D        | Reached skill level 13 in Polearms
   414 | D        | Killed a shadow
   414 | D        | Reached ***** piety under Trog
   415 | D        | Reached skill level 10 in Fighting
   415 | D        | Reached skill level 14 in Polearms
   415 | D        | Reached XP level 7. HP: 66/66 MP: 7/7
   500 | D        | Noticed a white ugly thing
   500 | D        | Noticed a vampire mosquito
   500 | D        | Noticed a troll
   500 | D        | Noticed a troll
   500 | D        | Noticed a komodo dragon
   506 | D        | Killed a komodo dragon
   507 | D        | Reached skill level 16 in Polearms
   510 | D        | Killed a troll
   511 | D        | Reached XP level 8. HP: 75/75 MP: 8/8
   516 | D        | Killed a troll
   517 | D        | Reached skill level 17 in Polearms
   525 | D        | Slain by a white ugly thing

Illustrated notes

Levels and vault maps discovered:
D:        linesprint [early_d, line_temple, items_1, d_10, items_2, lair_1,
          lair_end, items_3, orc_1, orc_end, items_4, d_15, swamp_1, shoals_1,
          snake_1, spider_1, d_20, vaults_1, items_5, swamp_end, shoals_end,
          snake_end, spider_end, vaults_end, d_27, items_6, zot_1, zot_end,
          crypt_end, forest_end, elf_end, slime_end, tomb_end, abyss_end,
          pan_hell_end]

Skill      XL: |  1  2  3  4  5  6  7  8 |
---------------+-------------------------+-----
Polearms       | 9 10 12 14 16 17 | 17.5
Dodging        | 4 5 6 7 9 |  9.7
Fighting       | 6 7 8 10 11 | 11.7
Armour         | 2 3 4 |  4.0

Action                   |  1- 3 |  4- 6 |  7- 9 || total
-------------------------+-------+-------+-------++-------
Melee: Spear             |    28 |    19 |       ||    47
       Halberd           |       |    15 |    26 ||    41
Invok: Berserk           |     1 |     1 |     1 ||     3
       Trog's Hand       |       |     1 |       ||     1
Armor: Animal skin       |     2 |     1 |     1 ||     4
Dodge: Dodged            |    10 |    10 |     5 ||    25

Table legend: (Time is in decaauts)
 A = Elapsed time spent in this place.
 B = Non-inter-level travel time spent in this place.
 C = Inter-level travel time spent in this place.
 D = Time resting spent in this place.
 E = Time spent auto-exploring this place.
 F = Levels seen in this place.
 G = Mean time per level.
                   A        B        C        D        E       F      G
               +--------+--------+--------+--------+--------+-----+--------+
         Total |    511 |    511 |      0 |    349 |      3 |   1 |  511.0 |
       Dungeon |    511 |    511 |      0 |    349 |      3 |   1 |  511.0 |
               +--------+--------+--------+--------+--------+-----+--------+

Top non-repeatable levels by time:
       D: 511 daAuts
